 Dungeon Crawl Stone Soup version 0.30-a0-570-g486de37d69 (webtiles) character file.

Game seed: 13442157440351234484

129 kae the Insei (level 4, -1/32 HPs)
             Began as a Demonspawn Transmuter on Dec 29, 2022.
             Slain by an orc wizard
             ... wielding a +0 dagger
              (3 damage)
             ... on level 3 of the Dungeon.
             The game lasted 00:03:11 (2691 turns).

kae the Insei (Demonspawn Transmuter)               Turns: 2691, Time: 00:03:12

Health: -1/32      AC:  5    Str: 10    XL:     4   Next: 88%
Magic:  7/8        EV: 12    Int: 16    God:
Gold:   242        SH:  0    Dex: 14    Spells: 2/8 levels left

rFire   . . .      SeeInvis .      - Unarmed
rCold   . . .      Faith    .    (no shield)
rNeg    . . .      Spirit   .    a - +0 robe
rPois   .          Reflect  .    (no helmet)
rElec   .          Harm     .    (no cloak)
rCorr   .          Rampage  .    r - +0 pair of gloves
Will    .....                    (no boots)
Stlth   +                        (no amulet)
HPRegen 0.25/turn                (no ring)
MPRegen 0.11/turn                (no ring)

@: brilliant, on berserk cooldown, attractive, slowed, very slow
A: yellow scales 1, demonic touch 1
a: no special abilities


You were on level 3 of the Dungeon.
You visited 1 branch of the dungeon, and saw 5 of its levels.

You collected 242 gold pieces.


Innate Abilities, Weirdness & Mutations

You are partially covered in yellow scales. (AC +2)
Your touch may inflict minor irresistible damage on your foes.


   Skills:
 - Level 1.0 Fighting
 - Level 1.7 Dodging
 + Level 3.3 Unarmed Combat
 + Level 2.8 Spellcasting
 * Level 3.3 Transmutations
 + Level 1.3 Poison Magic


You had 2 spell levels left.
You knew the following spells:

 Your Spells              Type           Power      Damage    Failure   Level
a - Beastly Appendage     Tmut           38%        N/A       4%          1
b - Wereblood             Tmut           19%        N/A       8%          2
c - Spider Form           Tmut/Pois      14%        N/A       22%         3

Your spell library contained the following spells:

 Spells                   Type           Power      Damage    Failure   Level
 Ice Form                 Ice/Tmut       11%        N/A       67%         4
 Chain Lightning          Conj/Air       1%         3d2       100%        9
 Fire Storm               Conj/Fire      1%         8d1       100%        9
 Shatter                  Erth           1%         3d6*      100%        9

Inventory:

Missiles
 d - 27 stones
 i - 11 poisoned darts
 j - 2 curare-tipped darts {=f}
Armour
 a - a +0 robe (worn)
 r - a +0 pair of gloves (worn)
   (You found it on level 3 of the Dungeon)
Magical Staves
 f - a staff of poison {!a}
   (You found it on level 1 of the Dungeon)
 q - a staff of cold {!a}
   (You found it on level 3 of the Dungeon)
Jewellery
 N - a ring of positive energy
   (You found it on level 3 of the Dungeon)
Scrolls
 c - 4 scrolls of identify {@r1}
Potions
 b - a potion of lignification {!q}
 e - a potion of degeneration {!q}
 h - a potion of brilliance
 n - 2 potions of mutation {unknown}
 o - a potion of flight {unknown}
 p - 2 potions of curing {unknown}

Dungeon Overview and Level Annotations

Branches:
Dungeon (5/15) Zot: 26855
 Temple: D:4-7

Altars:
Ashenzari

......#..##.#......# ##...##....
......##..#.#......# .##...+.....
......###..........##.##...######
......# ####......##..#####
##....# #......#...... #....#
#...<......... ##....#
###.....#....... .....##
.....##o........ ##.#.#
.....'.@)....... ...#.#
.....#####...... .###.# ....
...... ...#.# ... ....( .#.#.# ..
..... .#.#.. . ..## ## ### #.# ##
...


You could see an orc wizard.


Message History

The spell is quite dangerous to miscast (24% risk of failure)!
Continue anyway? [Y]es or [N]o only, please.
The spell is quite dangerous to miscast (24% risk of failure)!
Continue anyway?
Your horns disappear.
Your talons disappear.
You turn into a venomous arachnid creature.
Your +0 pair of gloves melds into your body.
Your +0 robe melds into your body. 😎 MP[-3]
You lost 3 mp, and now have 5/8 mp.
Okay, then.
You hit the orc.
The orc is poisoned.
The orc hits you with a +0 dagger. 😕 HP[-4]
You take 4 damage, and now have 28/32 hp.
You barely miss the orc.
You kill the orc!
You bite the orc!
You kill the orc!
Your transformation is almost over. 😕 HP[+1]
The orc wizard completely misses you. The orc wizard misses you.
You climb upwards.
There is a stone staircase leading down here. 😕 MP[+1] Unknown command.
You hit the orc wizard but do no damage.
The orc wizard is poisoned.
The orc wizard closely misses you.
The orc wizard hits you with a +0 dagger. 😕 HP[-3]
You take 3 damage, and now have 26/32 hp.
You hit the orc wizard.
The orc wizard gestures at you while chanting.
The magic dart hits you!
The orc wizard gestures at you while chanting.
The magic dart hits you.
* * * LOW HITPOINT WARNING * * *
😨 HP[-11]
You take 11 damage, and now have 15/32 hp.
MASSIVE DAMAGE!! (PAUSE)
You hit the orc wizard.
The orc wizard points at you and mumbles some strange words.
You are confused.
The orc wizard hits you but does no damage.
Unknown command.
It was a potion of berserk rage.
A red film seems to cover your vision as you go berserk!
You feel yourself moving faster!
You feel mighty!
The orc wizard hits you with a +0 dagger.
* * * LOW HITPOINT WARNING * * *
The orc wizard hits you but does no damage. 😨 HP[+5]
You now have 48 max hp (+16).
You regained 5 hp, and now have 20/48 hp.
You bite the orc wizard!
You kill the orc wizard!
The orc wizard misses you.
Things that are here:
a +0 dagger; a +0 robe; 😨 HP[+1]
You feel a strong urge to attack something.
Your transformation has ended.
Your +0 pair of gloves unmelds from your body.
Your +0 robe unmelds from your body.
The orc wizard completely misses you.
The orc wizard points at you and mumbles some strange words.
The puff of flame hits you!
* * * LOW HITPOINT WARNING * * *
There is a stone staircase leading down here. 😱 HP[-12]
You take 12 damage, and now have 9/48 hp.
MASSIVE DAMAGE!! (PAUSE)
You bump into the rock wall.
You feel your anger nearly subside.
You are no longer berserk.
You are exhausted.
You feel yourself slow down. 😱 HP[-3]
You now have 32 max hp (-16).
You hit the orc wizard. Your touch misses the orc wizard.
You feel less confused. The orc wizard misses you.
The orc wizard barely misses you. 😱 MP[+1]
You hit the orc wizard.
The orc wizard closely misses you. 😱 HP[+1] Unknown command.
You closely miss the orc wizard. The orc wizard barely misses you.
Unknown command.
You barely miss the orc wizard. Your touch misses the orc wizard.
The orc wizard casts a spell at you. The magic dart hits you.
* * * LOW HITPOINT WARNING * * *
The orc wizard barely misses you. 😱 HP[-6]
You take 6 damage, and now have 1/32 hp.
Unknown command.
It was a potion of attraction.
You feel attractive to monsters.
The orc wizard misses you. 😱 HP[+1] It was a potion of brilliance.
You feel clever all of a sudden. The orc wizard closely misses you.
The orc wizard hits you with a +0 dagger.
You die...

Skill      XL: |  1  2  3  4 |
---------------+-------------+-----
Transmutations | 2 3 |  3.3
Unarmed Combat | 3 |  3.3
Poison Magic   | 1 |  1.3
Fighting       | |  1.0
Dodging        | |  1.7
Spellcasting   | |  2.8

Action                   |  1- 3 |  4- 6 || total
-------------------------+-------+-------++-------
Melee: Unarmed           |   101 |    46 ||   147
       Kick              |    18 |     8 ||    26
       Headbutt          |    10 |     2 ||    12
       Touch             |     8 |     6 ||    14
       Punch             |     2 |     2 ||     4
 Cast: Beastly Appendage |    31 |     6 ||    37
       Spider Form       |     1 |     2 ||     3
  Use: Scroll            |     4 |     4 ||     8
       Potion            |       |     3 ||     3
 Stab: Sleeping          |     1 |       ||     1
Armor: Robe              |    23 |     7 ||    30
       Skin              |       |     2 ||     2
Dodge: Dodged            |    76 |    34 ||   110

Levels and vault maps discovered:
D:1:      shiori_angband_town, layout_basic
D:2:      layout_basic, minmay_distorted
D:3:      layout_basic, tso_oasis_becter
D:4:      cheibrodos_barr_body, layout_cave_pools, cheibrodos_sewer_entry_bend,
          uniq_grinder
D:5:      layout_basic, overflow_temple_1_default, cheibrodos_ashenzari_chains

Notes
Turn   | Place    | Note
-------+----------+-------------------------------------------
     0 | D:1      | kae the Demonspawn Transmuter began the quest for the Orb.
     0 | D:1      | Reached XP level 1. HP: 15/15 MP: 3/3
     0 | D:1      | magus.rc [v1.11.3]
   115 | D:1      | Reached skill level 2 in Transmutations
   229 | D:1      | Gained mutation: Your touch may inflict minor irresistible
                  | damage on your foes. [demonic ancestry]
   229 | D:1      | Reached XP level 2. HP: 18/21 MP: 3/5
   354 | D:1      | Learned a level 2 spell: Wereblood
   458 | D:1      | You pick up a book of Annihilations and begin reading...
   458 | D:1      | You add the spells Chain Lightning, Fire Storm and Shatter
                  | to your library.
  1041 | D:2      | Reached skill level 3 in Unarmed Combat
  1075 | D:2      | Reached XP level 3. HP: 18/26 MP: 4/6
  1101 | D:2      | Learned a level 3 spell: Spider Form
  2051 | D:3      | Gained mutation: You are partially covered in yellow
                  | scales. (AC +2) [demonic ancestry]
  2051 | D:3      | Reached XP level 4. HP: 28/32 MP: 5/7
  2088 | D:3      | Reached skill level 3 in Transmutations
  2185 | D:3      | Reached skill level 1 in Poison Magic
  2261 | D:3      | You fall into a shaft and drop 2 floors!
  2261 | D:5      | Entered Level 5 of the Dungeon
  2474 | D:5      | Found a broken altar of Ashenzari.
  2538 | D:5      | Noticed a black bear
  2684 | D:3      | HP: 9/48 [orc wizard/puff of flame (12)]
  2689 | D:3      | HP: 1/32 [orc wizard/magic dart (6)]
  2691 | D:3      | Slain by an orc wizard

Vanquished Creatures
  An orc wizard (D:3)
  3 adders
  3 worms
  A dart slug (D:3)
  4 orcs
  4 endoplasms
  A giant cockroach (D:2)
  5 goblins
  9 hobgoblins
  3 jackals (D:2)
  A quokka (D:3)
  4 ball pythons
  9 bats
  4 frilled lizards
  4 kobolds
  6 rats
62 creatures vanquished.

Table legend:
 A = Non-vault XP
 B = Vault XP
 C = Vault XP percentage of total XP
 D = Non-vault monster count
 E = Vault monster count
 F = Vault count percentage of total count
                 A         B        C        D         E       F
            +---------+---------+-------+---------+---------+-------
      Total |     167 |      18 |   9.7 |      60 |       2 |   3.2
            +---------+---------+-------+---------+---------+-------
        D:1 |      29 |       0 |   0.0 |      17 |       0 |   0.0
        D:2 |      37 |      18 |  32.7 |      16 |       2 |  11.1
        D:3 |      76 |       0 |   0.0 |      23 |       0 |   0.0
        D:4 |       6 |       0 |   0.0 |       2 |       0 |   0.0
        D:5 |      19 |       0 |   0.0 |       2 |       0 |   0.0
            +---------+---------+-------+---------+---------+-------

Illustrated notes

Table legend:
 A = Kills in this place as a percentage of kills in entire the game.
 B = Kills by you in this place as a percentage of kills by you in the entire game.
 C = Kills by friends in this place as a percentage of kills by friends in the entire game.
 D = Other kills in this place as a percentage of other kills in the entire game.
 E = Experience gained in this place as a percentage of experience gained in the entire game.
 F = Experience gained in this place divided by the number of levels of this place that you have seen.
                   A       B       C       D       E      F
               +-------+-------+-------+-------+-------+----------------------
         Total | 100.0 | 100.0 |   N/A |   N/A | 100.0 |  37.0
       Dungeon | 100.0 | 100.0 |   N/A |   N/A | 100.0 |  37.0
               +-------+-------+-------+-------+-------+----------------------

Table legend: (Time is in decaauts)
 A = Elapsed time spent in this place.
 B = Non-inter-level travel time spent in this place.
 C = Inter-level travel time spent in this place.
 D = Time resting spent in this place.
 E = Time spent auto-exploring this place.
 F = Levels seen in this place.
 G = Mean time per level.
                   A        B        C        D        E       F      G
               +--------+--------+--------+--------+--------+-----+--------+
         Total |   2682 |   2595 |     87 |     58 |   2045 |   5 |  536.4 |
       Dungeon |   2682 |   2595 |     87 |     58 |   2045 |   5 |  536.4 |
               +--------+--------+--------+--------+--------+-----+--------+

Top non-repeatable levels by time:
     D:1: 956 daAuts
     D:2: 936 daAuts
     D:3: 481 daAuts
     D:5: 286 daAuts
     D:4: 22 daAuts
